 Dungeon Sprint DCSS version 0.26-a0-971-g1d9d62bb61 (webtiles) character file.

Game seed: 10469806692431125662

539 mhtbhm the Basher (level 7, 39/52 HPs)
             Began as a Gargoyle Berserker on Dec 5, 2020.
             Was a Priest of Trog.
             Quit the game in the Dungeon (Sprint V: "Ziggurat Sprint").
             The game lasted 00:01:46 (532 turns).

mhtbhm the Basher (Gargoyle Berserker)               Turns: 532, Time: 00:01:47

Health: 39/52      AC: 27    Str: 35    XL:     7   Next: 26%
Magic:  7/7        EV:  8    Int:  7    God:    Trog [***...]
Gold:   0          SH:  0    Dex:  9    Spells: 6/6 levels left

rFire    + + +     SeeInvis .   a - +7 great mace "Firestarter" {inner flame, rF++}
rCold    + . .     Faith    .   (shield currently unavailable)
rNeg     + . .     Spirit   .   t - +5 gold dragon scales
rPois    ∞         Reflect  .   (no helmet)
rElec    +         Harm     .   l - +0 cloak {rPois}
rCorr    .         Rampage  .   (no gloves)
MR       .....     NoTele   +   (no boots)
Stlth    ..........             (no amulet)
HPRegen  0.17/turn              q - +6 ring of strength
MPRegen  0.10/turn              r - +6 ring of strength

@: studying Dodging
A: negative energy resistance 1, electricity resistance, unbreathing,
petrification resistance, rot immunity, AC +4
a: Berserk, Trog's Hand, Renounce Religion


You were in the Dungeon.
You worshipped Trog.
Trog was most pleased with you.
You visited 1 branch

Inventory:

Hand Weapons
 a - the +7 great mace "Firestarter" (weapon) {inner flame, rF++}
   (You found it in the Dungeon)

   It has been specially enchanted to burn those struck by it, causing extra
   injury to most foes and up to half again as much damage against particularly
   susceptible opponents.
   It greatly protects you from fire.
 s - the +10 dark maul {vorpal}
   (You found it in the Dungeon)

   It inflicts extra damage upon your enemies.
Armour
 b - the +15 Maxwell's patent armour {-Cast -Tele rElec MR+ rCorr}
   (You found it in the Dungeon)

   It insulates you from electricity.
   It affects your resistance to hostile enchantments.
   It prevents spellcasting.
   It prevents most forms of teleportation.
   It provides partial protection from all sources of acid and corrosion.
 l - a +0 cloak of poison resistance (worn)
 t - +5 gold dragon scales (worn)
Jewellery
 m - the ring "Oraqess" {rPois rN+ Dex+4}
   (You found it in the Dungeon)

   [ring of positive energy]

   It affects your dexterity (+4).
   It protects you from poison.
   It protects you from negative energy.
 q - a +6 ring of strength (left hand)
 r - a +6 ring of strength (right hand)
Wands
 i - a wand of disintegration (7)
 j - a wand of iceblast (7)
 k - a wand of acid (7)
Scrolls
 h - a scroll of blinking
Potions
 c - a potion of curing
 e - a potion of haste
 f - 2 potions of magic
 g - a potion of berserk rage
Books
 d - a manual of Dodging


   Skills:
 + Level 9.8 Fighting
 + Level 10.5 Maces & Flails
 + Level 7.2 Armour
 + Level 3.8 Dodging


You had 6 spell levels left.
You didn't know any spells.
Your spell library was empty.

Dungeon Overview and Level Annotations

Branches:
Dungeon (1/1)

Altars:
Ashenzari
Cheibriados
Dithmenos
Elyvilon
Fedhas
Gozag
Hepliaklqana
Kikubaaqudgha
Makhleb
Nemelex Xobeh
Okawaru
Qazlal
Ru
Sif Muna
Trog
Uskayaw
Vehumet
Wu Jian
Xom
Yredelemnul
Zin
The Shining One
Beogh
Jiyva
Lugonu

Annotations:
D 1 transporter


Innate Abilities, Weirdness & Mutations

You are resistant to torment.
Your stone body is resilient. (AC +4)
You are immune to poison.
You resist negative energy. (rN+)
You are resistant to electric shocks. (rElec)
You can survive without breathing.
You are immune to petrification.
You are immune to rotting.


Message History

Unknown command.
You sock the scorpion! You burn the scorpion.
You kill the scorpion!
Trog accepts your kill.
Unknown command.
You see here a scorpion corpse.
Unknown command.
Unknown command.
d - a manual of Dodging
m - the ring "Oraqess" {rPois rN+ Dex+4} Drop what? 17/52 slots (_ for help) (? for menu, Esc to quit)
Okay, then.
You see here the +7 short sword of the Rattlesnake {flame, SInv}.
You see here a phantom mirror.
Unknown command.
Are you sure you want to abandon this character and quit the game? (Confirm with "yes".)
Okay, then.
Unknown command.
Unknown command.
Are you sure you want to abandon this character and quit the game? (Confirm with "yes".)

▓▓▓▓▓▓▓▓▓▓▓▓▓▓▓▓▓▓▓
▓.8©8.▓.8©8.▓.8©8.▓
▓.@)..▓..):.▓.....▓
▓.....▓.....▓...:.▓
▓.....▓.....▓..)..▓
▓..††.▓.....▓.....▓
▓.....▓.....▓..©..▓
▓..©..▓..©..▓▓▓▓▓▓▓
▓▓▓▓▓▓▓▓▓▓▓▓▓


There were no monsters in sight!

Vanquished Creatures
  A jumping spider (D)
  A hell hound (D)
  3 scorpions (D)
  A wight (D)
  An ufetubus (D)
  An adder skeleton (D)
  A bat skeleton (D)
9 creatures vanquished.

Notes
Turn   | Place    | Note
-------+----------+-------------------------------------------
     0 | D        | mhtbhm the Gargoyle Berserker began the quest for the Orb.
     0 | D        | Reached XP level 1. HP: 14/14 MP: 1/1
     0 | D        | Found a shimmering blue altar of Sif Muna.
     0 | D        | Found a bloodstained altar of Trog.
     0 | D        | Found a sacrificial altar of Ru.
     0 | D        | Found a stormy altar of Qazlal.
     0 | D        | Found an iron altar of Okawaru.
     4 | D        | Found a sparkling altar of Nemelex Xobeh.
     5 | D        | Found the +6 Majin-Bo {vamp, MP+6 Int+6}
     5 | D        | Found the +9 heavy crossbow "Sniper" {vorpal, Acc+∞ SInv}
     5 | D        | Found the +10 dark maul {vorpal}
     5 | D        | Found the +15 Maxwell's patent armour {-Cast -Tele rElec
                  | MR+ rCorr}
     5 | D        | Found the +18 shield of the Gong {rElec rN+ MR+ EV-5}
     5 | D        | Found the cursed +14 obsidian axe {vorpal, +Fly SInv
                  | *Curse}
     5 | D        | Found the +7 great mace "Firestarter" {inner flame, rF++}
     5 | D        | Found the +6 shillelagh "Devastator" {shatter}
     5 | D        | Found the +11 plutonium sword {*Contam Stlth-}
     5 | D        | Found the +8 lance "Wyrmbane" {slay drac, rPois rF+ rC+
                  | AC+3}
     5 | D        | Found the +9 sword of Zonguldrok {reap}
     5 | D        | Found the cursed +13 scythe of Curses {drain, *Curse}
     5 | D        | Found the +0 sword of Power
     5 | D        | Found the +7 mace of Variability {chain chaos}
     5 | D        | Found the +7 Singing Sword {vorpal, sonic wave}
     5 | D        | Found the +8 storm bow {elec, penet}
     6 | D        | Found a corrupted altar of Lugonu.
     6 | D        | Found an ancient bone altar of Kikubaaqudgha.
     6 | D        | Found a burning altar of Makhleb.
     6 | D        | Found a transporter.
     6 | D        | Found a viscous altar of Jiyva.
     6 | D        | Found a hazy altar of Hepliaklqana.
    24 | D        | Found an opulent altar of Gozag.
    26 | D        | Found a blossoming altar of Fedhas.
   125 | D        | Entered arena 2.
   125 | D        | Noticed a wight
   125 | D        | Found a transporter.
   132 | D        | Killed a wight
   133 | D        | Reached skill level 5 in Fighting
   133 | D        | Reached skill level 5 in Maces & Flails
   133 | D        | Reached XP level 2. HP: 17/21 MP: 2/2
   133 | D        | Reached XP level 3. HP: 22/26 MP: 3/3
   258 | D        | Entered arena 3.
   258 | D        | Noticed a hell hound
   258 | D        | Found a transporter.
   260 | D        | Reached ** piety under Trog
   265 | D        | Killed a hell hound
   266 | D        | Reached skill level 7 in Maces & Flails
   266 | D        | Reached XP level 4. HP: 20/34 MP: 4/4
   266 | D        | Reached XP level 5. HP: 23/38 MP: 5/5
   504 | D        | Entered arena 4.
   504 | D        | Noticed a jumping spider
   504 | D        | Found a transporter.
   506 | D        | Reached *** piety under Trog
   507 | D        | Reached skill level 8 in Maces & Flails
   507 | D        | Reached skill level 5 in Armour
   510 | D        | Reached XP level 6. HP: 14/45 MP: 6/6
   514 | D        | Killed a jumping spider
   515 | D        | Reached skill level 10 in Maces & Flails
   515 | D        | Reached XP level 7. HP: 35/51 MP: 7/7
   529 | D        | Got the ring "Oraqess" {rPois rN+ Dex+4}
   532 | D        | Quit the game

Illustrated notes

Levels and vault maps discovered:
D:        sprint_v [room_start, room_1, room_2, room_3, room_4, room_5, room_6,
          room_7, room_8, room_9, room_10, room_11, room_12, room_13, room_14,
          room_15, room_16, room_17, room_18, room_19, room_20, room_21,
          room_22, room_23, room_24, room_25, room_26, room_27]

Skill      XL: |  1  2  3  4  5  6 |
---------------+-------------------+-----
Fighting       | 5 7 8 9 |  9.8
Maces & Flails | 5 7 8 10 | 10.5
Armour         | 3 4 5 7 |  7.2
Dodging        | 2 3 |  3.8

Action                   |  1- 3 |  4- 6 |  7- 9 || total
-------------------------+-------+-------+-------++-------
Melee: Great mace        |    11 |     7 |     6 ||    24
Invok: Berserk           |     1 |       |       ||     1
  Use: Potion            |       |     1 |       ||     1
Armor: Gold dragon scale |    21 |    15 |     5 ||    41
Dodge: Dodged            |    13 |    13 |     2 ||    28

Table legend: (Time is in decaauts)
 A = Elapsed time spent in this place.
 B = Non-inter-level travel time spent in this place.
 C = Inter-level travel time spent in this place.
 D = Time resting spent in this place.
 E = Time spent auto-exploring this place.
 F = Levels seen in this place.
 G = Mean time per level.
                   A        B        C        D        E       F      G
               +--------+--------+--------+--------+--------+-----+--------+
         Total |    547 |    547 |      0 |    347 |      0 |   1 |  547.0 |
       Dungeon |    547 |    547 |      0 |    347 |      0 |   1 |  547.0 |
               +--------+--------+--------+--------+--------+-----+--------+

Top non-repeatable levels by time:
       D: 547 daAuts
